 Dungeon Crawl Stone Soup version 0.24.0-125-gc4c63601f3 (webtiles) character file.

Game seed: 4378063309767057233, levelgen mode: deterministic

8319 Descartes the Covert (level 11, -2/51 HPs)
             Began as a Felid Monk on Feb 19, 2020.
             Slain by Snorg (10 damage)
             ... on level 11 of the Dungeon.
             The game lasted 00:35:07 (17202 turns).

Descartes the Covert (Felid Monk)                  Turns: 17202, Time: 00:35:08

Health: -2/51      AC:  2    Str: 12    XL:     11   Next: 8%
Magic:  18/18      EV: 28    Int: 14    God:
Gold:   701        SH:  0    Dex: 19    Spells: 9/18 levels left
                                        Lives:  0   Deaths: 2

rFire    + . .     SeeInvis +     - Unarmed
rCold    + . .     Gourm    .   (shield unavailable)
rNeg     . . .     Faith    .   (armour unavailable)
rPois    .         Spirit   .   (helmet unavailable)
rElec    .         Reflect  .   (cloak unavailable)
rCorr    .         Harm     .   (gloves unavailable)
MR       +....                  (boots unavailable)
Stlth    ++++++....             p - amulet of regeneration
HPRegen  0.57/turn              v - ring of protection from cold
MPRegen  0.16/turn              P - ring of protection from fire

@: quick
A: very small, no armour, no weapons or thrown items, stealth, claws 1, fangs 3,
see invisible, carnivore, clever 1, speed 1, shaggy fur 2, slow metabolism 1,
strong 1, sharp paws
a: no special abilities


You were on level 11 of the Dungeon.
You were very full.

You visited 3 branches of the dungeon, and saw 14 of its levels.

You collected 771 gold pieces.
You spent 70 gold pieces at shops.

Inventory:

Missiles
 b - 178 arrows
 c - 359 stones
Jewellery
 p - an amulet of regeneration (around neck)
 q - an uncursed ring of fire
 v - a ring of protection from cold (left paw)
 y - an uncursed amulet of the acrobat
 z - an uncursed ring of protection from magic
 E - an uncursed ring of wizardry
 K - an uncursed amulet of rage
 L - an uncursed ring of resist corrosion
 P - a ring of protection from fire (right paw)
Wands
 n - a wand of random effects (26)
 x - a wand of iceblast (33)
 B - a wand of disintegration (27)
 I - a wand of acid (12)
 J - a wand of flame (17)
Scrolls
 g - 6 scrolls of blinking
 i - 3 scrolls of fog
 j - a scroll of silence {unknown}
 l - a scroll of immolation {unknown}
 m - 2 scrolls of magic mapping
 r - 5 scrolls of remove curse
 w - 2 scrolls of amnesia
 A - 9 scrolls of teleportation
 N - 2 scrolls of vulnerability
Potions
 e - a potion of invisibility
 f - 2 potions of lignification
 h - 3 potions of curing
 k - a potion of brilliance
 o - 2 potions of agility
 s - a potion of resistance
 u - 2 potions of cancellation
 C - a potion of berserk rage
 D - 4 potions of ambrosia
 H - a potion of mutation
Miscellaneous
 F - a crystal ball of energy
Comestibles
 a - 44 rations
 d - a chunk of flesh


   Skills:
 + Level 7.7 Fighting
 + Level 10.6 Dodging
 + Level 13.1 Stealth
 * Level 11.1 Unarmed Combat
 + Level 4.1 Spellcasting
 - Level 6.0 Transmutations
 - Level 6.0 Earth Magic
 - Level 6.0 Evocations


You had 9 spell levels left.
You knew the following spells:

 Your Spells              Type           Power        Failure   Level  Hunger
a - Mephitic Cloud        Conj/Pois/Air  #.......     50%         3    ###....
b - Statue Form           Tmut/Erth      ###......    94%         6    #######

Your spell library contained the following spells:

 Spells                   Type           Power        Failure   Level  Hunger
 Freeze                   Ice            #...         19%         1    None
 Sting                    Conj/Pois      #...         19%         1    None
 Poisonous Vapours        Pois/Air       #.....       28%         2    ##.....
 Throw Frost              Conj/Ice       #.....       28%         2    ##.....
 Ozocubu's Armour         Chrm/Ice       #.......     50%         3    ###....
 Irradiate                Conj/Tmut      ##........   83%         5    ######.
 Olgreb's Toxic Radiance  Pois           #.......     88%         4    ####...
 Summon Ice Beast         Ice/Summ       #.......     88%         4    ####...
 Throw Icicle             Conj/Ice       #.......     88%         4    ####...
 Hydra Form               Tmut           ###.......   94%         6    #######
 Venom Bolt               Conj/Pois      #.........   99%         5    ######.
 Dragon Form              Tmut           ###.......   100%        7    #######


Dungeon Overview and Level Annotations

Branches:
Dungeon (11/15)            Temple (1/1) D:6            Lair (2/6) D:9
 Spider (0/4) Lair:2          Orc (0/2) D:11
  Swamp: Lair:2-4    Shoals: Lair:2-4

Altars:
Ashenzari
Cheibriados
Dithmenos
Elyvilon
Fedhas
Gozag
Hepliaklqana
Kikubaaqudgha
Makhleb
Nemelex Xobeh
Okawaru
Qazlal
Ru
Sif Muna
Trog
Uskayaw
Vehumet
Wu Jian
Xom
Yredelemnul
Zin
The Shining One

Shops:
D:4 }   D:9 %   D:10 ?

Annotations:
D:11 Snorg


Innate Abilities, Weirdness & Mutations

You cannot wear armour.
You are incapable of wielding weapons or throwing items.
Your paws allow you to move quietly. (Stealth)
You have sharp claws.
You have razor-sharp teeth.
You have supernaturally acute eyesight. (SInv)
You are carnivorous and can eat meat at any time.
You cover ground quickly.
You are covered in thick fur. (AC +2)
You have a slow metabolism.
Your sharp claws are effective at attacking unaware monsters.
Your mind is acute. (Int +2)
Your muscles are strong. (Str +2)


Message History

The orc completely misses you.
You are too injured to fight recklessly!
You are too injured to fight recklessly!
You are too injured to fight recklessly!
You closely miss Snorg. You bite Snorg, but do no damage.
Snorg is heavily wounded.
Snorg completely misses you. x2; Snorg closely misses you.
The orc completely misses you.
You completely miss Snorg.
Snorg is heavily wounded.
Snorg closely misses you. Snorg misses you. Snorg claws you!
* * * LOW HITPOINT WARNING * * *
Snorg completely misses you. x2; Snorg claws you!
* * * LOW HITPOINT WARNING * * *
Things that are here:
a +0 whip; a kobold corpse You see here a +0 club.
Snorg completely misses you. Snorg misses you. Snorg completely misses you.
Snorg closely misses you. Snorg barely misses you. Snorg claws you!
You die...

.............#..#...#.......#
.##..........#..#...#.......#
.##..........#..#...####....#
..........####..#...#..#....#
.......................#....#
##......#....####......#....#
.......)#....#.........#....#
.#####..#..).#..########....#
.#..>...#....#..@...#.......#
.#......#..).#..#T..#.......#
######..)....#..#...#.......#
.#...#..#....#..#.).#.......#
.#...#..#########.)o####....#
.##..#..........#..)#..#....#
................#...(..#....#
...).........####.รท.)..#....#
..####..#.......#####..#....#


You could see Snorg (berserk) and an orc.

Vanquished Creatures
  A two-headed ogre (D:10)
  2 unseen horrors
  A deep elf mage (D:11)
  6 spiny frogs
  2 komodo dragons (Lair:1)
  A hornet (D:7)
  A queen bee (D:9)
  A troll (D:9)
  A blink frog (Lair:2)
  3 hippogriffs
  A tarantella (Lair:2)
  Grum (D:8)
  A basilisk (Lair:1)
  10 yaks
  A human (D:11)
  A hungry ghost (D:10)
  A steam dragon (D:7)
  Menkaure (D:7)
  A warg (D:11)
  3 water moccasins
  4 orc warriors
  2 sky beasts
  An eye of draining (D:9)
  2 ice beasts
  6 ogres
  The ghost of ichi404 the Shield-Bearer, an amateur HuFi (D:3)
  3 centaurs
  A necrophage (D:8)
  12 wolves
  3 crocodiles
  A big kobold (D:11)
  8 bullfrogs
  A water moccasin zombie (D:6)
  7 scorpions
  24 killer bees
  4 wights (D:8)
  2 howler monkeys
  2 jellies
  4 crimson imps
  10 hounds
  6 orc priests
  2 centaur skeletons
  3 iguanas
  8 orc wizards
  5 worker ants
  A hound zombie (D:10)
  A howler monkey zombie (D:8)
  2 worker ant zombies
  16 adders
  4 shadow imps
  2 oozes
  3 adder zombies
  3 worms
  2 dart slugs (D:1)
  4 leopard geckos
  35 orcs
  6 bats
  6 giant cockroaches
  5 goblins
  11 hobgoblins
  13 jackals
  4 quokkas
  A ball python (D:4)
  4 frilled lizards
  13 kobolds
  A leopard gecko skeleton (D:4)
  A quokka zombie (D:5)
  3 rats
  A bush (D:6)
304 creatures vanquished.

Vanquished Creatures (others)
  A fungus (Lair:2)
  A plant (Lair:1)
2 creatures vanquished.

Grand Total: 306 creatures vanquished

Notes
Turn   | Place    | Note
-------+----------+-------------------------------------------
     0 | D:1      | Descartes the Felid Monk began the quest for the Orb.
     0 | D:1      | Reached XP level 1. HP: 10/10 MP: 2/2
   249 | D:1      | Reached skill level 3 in Stealth
   256 | D:1      | Reached XP level 2. HP: 3/14 MP: 3/3
  1000 | D:1      | Reached XP level 3. HP: 17/17 MP: 4/4
  2304 | D:2      | Reached XP level 4. HP: 21/21 MP: 5/5
  2577 | D:2      | Reached skill level 4 in Stealth
  2810 | D:3      | Reached skill level 5 in Dodging
  3041 | D:3      | Noticed an ogre
  3054 | D:3      | Noticed a sky beast
  3384 | D:3      | Reached XP level 5. HP: 23/24 MP: 6/6
  3448 | D:3      | Found a large runed translucent door.
  3448 | D:3      | Found a large runed translucent door.
  3455 | D:3      | Noticed ichi404's ghost (amateur HuFi)
  3522 | D:2      | Killed a sky beast
  3522 | D:2      | Reached skill level 5 in Unarmed Combat
  3585 | D:3      | Found a sacrificial altar of Ru.
  4111 | D:2      | Killed an ogre
  4111 | D:2      | Reached skill level 5 in Stealth
  4111 | D:2      | Gained mutation: You are covered in thick fur. (AC +2)
                  | [Felid growth]
  4111 | D:2      | Reached XP level 6. HP: 21/28 MP: 7/7
  4874 | D:4      | Reached XP level 7. HP: 24/31 MP: 8/8
  5018 | D:4      | Found Qemaj's Gadget Emporium.
  5231 | D:4      | Reached skill level 6 in Stealth
  5687 | D:3      | Killed ichi404's ghost
  5874 | D:4      | Reached skill level 1 in Evocations
  5944 | D:5      | Entered Level 5 of the Dungeon
  6455 | D:5      | Reached XP level 8. HP: 24/36 MP: 10/10
  7048 | D:6      | Found a staircase to the Ecumenical Temple.
  7071 | Temple   | Entered the Ecumenical Temple
  7600 | D:6      | Reached skill level 7 in Stealth
  8439 | D:6      | Learned a level 3 spell: Mephitic Cloud
  8441 | D:6      | Gained mutation: Your muscles are strong. (Str +2) [potion
                  | of mutation]
  8441 | D:6      | Gained mutation: You have a pair of small horns on your
                  | head. [potion of mutation]
  8705 | D:7      | Reached skill level 5 in Fighting
  8963 | D:7      | Reached XP level 9. HP: 27/40 MP: 12/12
  9320 | D:7      | Noticed an unseen horror
  9349 | D:7      | Killed an unseen horror
  9349 | D:7      | Reached skill level 8 in Stealth
  9924 | D:7      | Found an ancient bone altar of Kikubaaqudgha.
 10001 | D:7      | Noticed Menkaure
 10011 | D:7      | Killed Menkaure
 10413 | D:7      | Found a glowing silver altar of Zin.
 10427 | D:7      | Found an iron altar of Okawaru.
 10428 | D:7      | Found a white marble altar of Elyvilon.
 10428 | D:7      | Found a hide-covered altar of Uskayaw.
 10432 | D:7      | Found a radiant altar of Vehumet.
 10950 | D:8      | Noticed Grum
 11143 | D:8      | Killed Grum
 11205 | D:8      | Found a burning altar of Makhleb.
 11246 | D:7      | Reached skill level 9 in Stealth
 11792 | D:8      | Reached skill level 1 in Spellcasting
 12050 | D:8      | Reached skill level 5 in Evocations
 12072 | D:8      | Reached XP level 10. HP: 40/45 MP: 14/14
 12361 | D:8      | Learned a level 6 spell: Statue Form
 12540 | D:9      | Reached skill level 12 in Stealth
 12540 | D:9      | Reached skill level 5 in Transmutations
 12540 | D:9      | Reached XP level 11. HP: 49/49 MP: 16/16
 12594 | D:9      | Reached skill level 5 in Earth Magic
 12624 | D:9      | Found Reaczeen's Food Boutique.
 12864 | D:9      | Found a staircase to the Lair.
 13241 | D:8      | Reached skill level 10 in Unarmed Combat
 13650 | Lair:1   | Entered Level 1 of the Lair of Beasts
 13835 | D:9      | Slain by a wolf
 13836 | D:9      | Reached XP level 10. HP: 0/46 MP: 15/15
 14145 | Lair:1   | Reached XP level 11. HP: 16/50 MP: 16/16
 14151 | Lair:1   | Reached skill level 10 in Dodging
 14552 | Lair:2   | Found a hole to the Spider Nest.
 15511 | Lair:2   | Noticed a seven-headed hydra
 15519 | Lair:2   | Mangled by a seven-headed hydra
 15520 | Lair:2   | Reached XP level 10. HP: -6/47 MP: 16/16
 15646 | D:10     | Entered Level 10 of the Dungeon
 15665 | D:10     | Noticed a two-headed ogre
 15669 | D:10     | Killed a two-headed ogre
 15791 | D:10     | Lost mutation: Your muscles are strong. (Str +2) [potion of
                  | mutation]
 15791 | D:10     | Lost mutation: You have a pair of small horns on your head.
                  | [potion of mutation]
 15791 | D:10     | Gained mutation: Your mind is acute. (Int +2) [potion of
                  | mutation]
 15791 | D:10     | Gained mutation: Your muscles are strong. (Str +2) [potion
                  | of mutation]
 15807 | D:10     | Found Odigov's Magic Scroll Shop.
 15816 | D:10     | Bought a scroll of remove curse for 42 gold pieces
 15816 | D:10     | Bought a scroll of identify for 28 gold pieces
 16224 | D:10     | Reached skill level 13 in Stealth
 16440 | D:11     | Noticed a deep elf mage
 16550 | D:11     | Killed a deep elf mage
 16756 | D:11     | Noticed an unseen horror
 16763 | D:11     | Killed an unseen horror
 16763 | D:11     | Reached XP level 11. HP: 51/51 MP: 18/18
 16853 | D:11     | Found a staircase to the Orcish Mines.
 17077 | D:11     | Noticed Snorg
 17202 | D:11     | Slain by Snorg

Levels and vault maps discovered:
D:1:      wander_arrival_estate, layout_basic, minmay_pentomino_t4
D:2:      layout_basic, minmay_strange_pillars
D:3:      layout_rooms, nicolae_ru_path_of_blood, first_ration,
          ebering_ghost_disaster_area
D:4:      layout_rooms, serial_shops, shop
D:5:      layout_basic, eino_small_chamber_without_monster, minmay_statues_item
D:6:      layout_basic, minmay_temple_entry_stoned_glass,
          kb_lookout_dungeons_type, nicolae_wand_duel
D:7:      layout_basic, kennysheep_mini_moat, minitemple, uniq_menkaure
D:8:      kennysheep_ambush_hall, layout_basic, makhleb_grotto_becter, uniq_grum
D:9:      minmay_blocky_corners, layout_rooms, lair_entry_dummy, serial_shops,
          shop, special_room [special_room_bee]
D:10:     layout_gridville, serial_shops, nicolae_shop_waterfront
D:11:     layout_grid_maze, erik_orc_4, grunt_livestock, uniq_snorg
Temple:   dpeg_chambers_temple
Lair:1:   layout_roguey, serial_bayou_shore_b
Lair:2:   layout_small_grid, spider_nest_entry_rubble, lemuel_centaur_altar,
          lemuel_fruit_tree

Skill      XL: |  1  2  3  4  5  6  7  8  9 10 11 |
---------------+----------------------------------+-----
Stealth        | 3 4 5 6 7 9 13 | 13.1
Unarmed Combat | 4 5 6 8 9 11 10 | 11.1
Dodging        | 5 6 7 9 10 | 10.6
Fighting       | 4 5 6 7 |  7.7
Evocations     | 1 3 5 6 |  6.0
Spellcasting   | 1 4 2 |  4.1
Transmutations | 5 6 |  6.0
Earth Magic    | 6 5 |  6.0

Action                   |  1- 3 |  4- 6 |  7- 9 | 10-12 || total
-------------------------+-------+-------+-------+-------++-------
Melee: Unarmed           |    89 |   171 |   323 |   571 ||  1154
       Bite              |     5 |    18 |    26 |    60 ||   109
       Punch             |     1 |     2 |    12 |    35 ||    50
       Headbutt          |       |       |    38 |    90 ||   128
  Use: Scroll            |     5 |     2 |     5 |    11 ||    23
       Potion            |       |       |     3 |     7 ||    10
 Stab: Sleeping          |    12 |     9 |    19 |    33 ||    73
       Distracted        |       |     1 |     2 |     3 ||     6
  Eat: Chunk             |    10 |     5 |    14 |    24 ||    53
Armor: Skin              |     1 |     4 |     8 |    10 ||    23
Dodge: Dodged            |    61 |   143 |   261 |   687 ||  1152
